 Dungeon Crawl Stone Soup version 0.28-a0-401-ge240ad9e29 (webtiles) character file.

Game seed: 16039589189766969005

100105 Spaninq the Transmogrifier (level 15, -8/137 HPs)
             Began as a Purple Draconian Transmuter on Sept 3, 2021.
             Was the Champion of Sif Muna.
             Mangled by a salamander (22 damage)
             ... on level 2 of the Snake Pit on Sept 4, 2021.
             The game lasted 01:45:17 (26226 turns).

Spaninq the Transmogrifier (DrTm)                  Turns: 26226, Time: 01:45:18

Health: -8/137     AC: 17    Str: 13    XL:     15   Next: 79%
Magic:  25/25      EV: 16    Int: 27    God:    Sif Muna [******]
Gold:   241        SH:  6    Dex: 12    Spells: 8/39 levels left

rFire   x . .      SeeInvis +     - Unarmed
rCold   + + +      Faith    .   P - +1 buckler {AC+3}
rNeg    . . .      Spirit   .   (armour unavailable)
rPois   +          Reflect  .   (helmet restricted)
rElec   .          Harm     .   o - +1 cloak {rC+}
rCorr   .          Rampage  .   L - +1 pair of gloves "Qeyved" {rPois rF- Int+4}
Will    ++...                   T - +0 pair of boots {Stlth+}
Stlth   ++........              m - amulet of regeneration
HPRegen 1.32/turn               r - ring of Due Proportion {Int+4 SInv}
MPRegen 0.19/turn               w - ring of protection from cold

@: studying 2 skills
A: breathe power, AC +9, unfitting armour, cold-blooded, cold resistance 1, low
mp 2
a: Breathe Dispelling Energy, Renounce Religion, Channel Magic, Forget Spell,
Divine Exegesis


You were on level 2 of the Snake Pit.
You worshipped Sif Muna.
Sif Muna was exalted by your worship.
You visited 5 branches of the dungeon, and saw 24 of its levels.
You also visited: Ossuary, Gauntlet, Ice Cave and Volcano.

You collected 2481 gold pieces.
You spent 2240 gold pieces at shops.

Inventory:

Missiles
 B - 5 throwing nets
Armour
 o - a +1 cloak of cold resistance (worn)
 D - a +1 cloak of poison resistance
 G - a +2 tower shield
 L - the +1 pair of gloves "Qeyved" (worn) {rPois rF- Int+4}
   (You found it on level 14 of the Dungeon)

   Int:       It affects your intelligence (+4).
   rF:        It makes you vulnerable to fire.
   rPois:     It protects you from poison.
 P - a +1 buckler of protection (worn)
 S - a +1 kite shield of protection
 T - a +0 pair of boots of stealth (worn)
 V - a +0 kite shield of fire resistance
Jewellery
 l - a +6 ring of intelligence
 m - an amulet of regeneration (around neck)
 q - a +4 ring of slaying
 r - the ring of Due Proportion (left hand) {Int+4 SInv}
   (You found it in a Gauntlet)

   [ring of see invisible]

   Int:       It affects your intelligence (+4).
   SInv:      It lets you see invisible.
 u - a ring of willpower
 w - a ring of protection from cold (right hand)
 N - a ring of ice
 R - a ring of protection from fire
 X - a ring of protection from cold
Wands
 g - a wand of mindburst (46)
 s - a wand of paralysis (21)
 x - a wand of charming (11)
 z - a wand of flame (13)
 A - a wand of iceblast (27)
 F - a wand of polymorph (20)
 K - a wand of digging (5)
 O - a wand of acid (3)
Scrolls
 b - 7 scrolls of magic mapping
 e - 7 scrolls of identify
 h - 7 scrolls of teleportation
 k - 3 scrolls of fog
 t - 2 scrolls of blinking
 v - 5 scrolls of enchant armour
 y - a scroll of amnesia
 C - a scroll of brand weapon
 E - a scroll of holy word
 H - a scroll of silence
 I - 4 scrolls of enchant weapon
 M - 2 scrolls of fear
 W - 3 scrolls of summoning
Potions
 a - 7 potions of mutation
 c - 3 potions of attraction
 d - 2 potions of haste
 f - 7 potions of flight
 i - 4 potions of heal wounds
 j - 7 potions of curing
 n - a potion of brilliance
 p - 4 potions of magic
 J - a potion of ambrosia
 Y - a potion of invisibility {unknown}
Miscellaneous
 Q - a tin of tremorstones (2/2)
 U - a phial of floods


   Skills:
 + Level 13.7 Fighting
 + Level 10.9 Dodging
 + Level 4.9 Shields
 + Level 13.1 Unarmed Combat
 + Level 12.6 Spellcasting
 + Level 13.8 Transmutations
 * Level 5.4 Air Magic
 - Level 6.0 Earth Magic


You had 8 spell levels left.
You knew the following spells:

 Your Spells              Type           Power      Damage    Failure   Level
a - Ice Form              Ice/Tmut       53%        N/A       1%          4
b - Wereblood             Tmut           75%        N/A       0%          2
c - Blink                 Tloc           N/A        N/A       4%          2
d - Blade Hands           Tmut           37%        N/A       1%          5
e - Confusing Touch       Hex            17%        N/A       10%         3
f - Petrify               Tmut/Erth      63%        N/A       1%          4
g - Statue Form           Tmut/Erth      42%        N/A       9%          6
h - Yara's Violent Unrav  Hex/Tmut       26%        3d11      5%          5

Your spell library contained the following spells:

 Spells                   Type           Power      Damage    Failure   Level
 Beastly Appendage        Tmut           100%       N/A       0%          1
 Sandblast                Erth           98%        2d20      1%          1
 Sting                    Tmut/Pois      100%       1d8       1%          1
 Corpse Rot               Necr/Air       N/A        N/A       1%          2
 Passwall                 Tmut/Erth      52%        N/A       1%          2
 Poisonous Vapours        Pois/Air       62%        N/A       1%          2
 Ignite Poison            Fire/Tmut/Pois 42%        N/A       1%          3
 Spider Form              Tmut/Pois      26%        N/A       1%          3
 Corona                   Hex            18%        N/A       3%          1
 Foxfire                  Conj/Fire      68%        2x1d7     3%          1
 Freeze                   Ice            68%        1d8       3%          1
 Summon Small Mammal      Summ           68%        N/A       3%          1
 Ensorcelled Hibernation  Hex/Ice        34%        N/A       4%          2
 Mephitic Cloud           Conj/Pois/Air  26%        N/A       4%          3
 Alistair's Intoxication  Tmut/Pois      35%        N/A       5%          5
 Irradiate                Conj/Tmut      26%        3d22      5%          5
 Call Canine Familiar     Summ           17%        N/A       10%         3
 Frozen Ramparts          Ice            34%        1d5       10%         3
 Inner Flame              Hex/Fire       17%        N/A       10%         3
 Lesser Beckoning         Tloc           17%        N/A       10%         3
 Ozocubu's Armour         Ice            17%        N/A       10%         3
 Portal Projectile        Hex/Tloc       34%        N/A       10%         3
 Summon Guardian Golem    Hex/Summ       17%        N/A       10%         3
 Tukima's Dance           Hex            17%        N/A       10%         3
 Summon Lightning Spire   Summ/Air       31%        N/A       11%         4
 Borgnjor's Vile Clutch   Necr/Erth      16%        N/A       26%         5
 Eringya's Noxious Bog    Tmut/Pois      26%        N/A       28%         6
 Lightning Bolt           Conj/Air       15%        1d29      30%         5
 Cause Fear               Hex            8%         N/A       32%         4
 Fulminant Prism          Conj/Hex       8%         3d7       32%         4
 Hailstorm                Conj/Ice       17%        3d6       32%         4
 Bolt of Magma            Conj/Fire/Erth 13%        4d8       38%         5
 Freezing Cloud           Conj/Ice/Air   13%        6-21      41%         5
 Storm Form               Tmut/Air       31%        N/A       47%         7
 Manifold Assault         Tloc           17%        N/A       67%         5
 Metabolic Englaciation   Hex/Ice        8%         N/A       67%         5
 Summon Forest            Summ/Tloc      8%         N/A       67%         5
 Summon Mana Viper        Hex/Summ       17%        N/A       67%         5
 Iron Shot                Conj/Erth      16%        9d4       83%         6
 Invisibility             Hex            8%         N/A       99%         6
 Simulacrum               Ice/Necr       8%         N/A       99%         6
 Summon Cactus Giant      Summ           8%         N/A       99%         6
 Discord                  Hex            8%         N/A       100%        8
 Animate Armour           Summ/Erth      Unusable   N/A       N/A         4

Dungeon Overview and Level Annotations

Branches:
Dungeon (14/15)            Temple (1/1) D:7            Lair (5/6) D:10
 Shoals (0/4) Lair:2        Snake (2/4) Lair:2        Slime (0/5) Lair:5
    Orc (2/2) D:10            Elf (0/3) Orc:2        Vaults (0/5) D:13
Ossuary (visited)           IceCv (visited)         Volcano (visited)
Gauntlet (visited)

Altars:
Ashenzari
Cheibriados
Dithmenos
Elyvilon
Fedhas
Gozag
Hepliaklqana
Kikubaaqudgha
Makhleb
Nemelex Xobeh
Okawaru
Qazlal
Ru
Sif Muna
Trog
Uskayaw
Vehumet
Wu Jian
Xom
Yredelemnul
Zin
The Shining One
Beogh
Jiyva

Shops:
Orc:1 :   Orc:2 :(*[

Annotations:
Lair:1 2 transporters, ew1980's ghost, journeyman DsBe


Innate Abilities, Weirdness & Mutations

You can breathe bolts of dispelling energy.
Your rich purple scales are hard. (AC +9)
You cannot fit into any form of body armour.
You are cold-blooded and may be slowed by cold attacks.
Your flesh is cold resistant. (rC+)
Your magical capacity is very low. (-20% MP)


Message History

* * * LOW HITPOINT WARNING * * *
The guardian serpent misses you. The naga warrior closely misses you.
You barely miss the guardian serpent.
Your tail-slap misses the guardian serpent.
The guardian serpent is severely wounded.
The guardian serpent barely misses you. The naga warrior misses you.
The guardian serpent hits you but does no damage.
You hit the guardian serpent.
The guardian serpent is severely wounded.
The guardian serpent closely misses you.
The naga warrior completely misses you.
The guardian serpent coils itself and waves its upper body at you.
You resist with almost no effort.
You punch the guardian serpent!
You kill the guardian serpent!
Sif Muna accepts your kill. The naga warrior spits poison at you.
The splash of poison misses you. The naga warrior spits poison at you.
The splash of poison hits you but does no damage.
You resist.
The naga warrior roars a battlecry!
Your transformation is almost over.
The naga warrior spits poison at you. The splash of poison misses you.
The naga warrior spits poison at you.
The splash of poison hits you but does no damage.
You resist.
You revert to your normal fleshy form.
The +1 pair of gloves "Qeyved" {rPois rF- Int+4} unmelds from your body.
Your +0 pair of boots of stealth unmelds from your body.
You feel stealthy.
The salamander hits you from afar with a +2 spear!
You are engulfed in flames!!
The fire burns you terribly!
* * * LOW HITPOINT WARNING * * *
There is a stone staircase leading up here.
The salamander hits you from afar with a +2 spear!!
* * * LOW HITPOINT WARNING * * *
You are engulfed in flames!!
The fire burns you terribly!
You die...

####### ..##.....#######
§N.......NNN)..######
##############...[..##
##############.......#
.......N.NN...########
......####################
.......#....N.N.@...#....#
.........................#
...........N.†..........<#
......†......[.........)†#
.....................(...#
#................#.......#
######.........#####.....#
#........## ##...##
.....##....# ...##


You could see a naga warrior, a salamander (strong) and a naga (strong).

Vanquished Creatures
  Jorgrun (D:14)
  An Ice Fiend (IceCv)
  Rupert (D:13)
  Frances (Snake:1)
  An orc warlord (Orc:1)
  A minotaur (Gauntlet)
  Snorg (D:14)
  Josephine (D:14)
  Fannar (Lair:3)
  A naga warrior (Snake:2)
  Harold (D:9)
  A caustic shrike simulacrum (IceCv)
  5 vault guards (D:13)
  3 hydras
  3 boulder beetles
  8 centaur warriors
  Erica (Orc:1)
  A catoblepas (Lair:2)
  2 death knights (D:14)
  2 anacondas (Snake:2)
  6 two-headed ogres
  An orc high priest (Orc:2)
  Urug (Orc:2)
  2 tengu warriors
  A naga sharpshooter (Snake:2)
  Sonja (Lair:2)
  A shock serpent (Snake:1)
  Nergalle (Orc:2)
  An orange crystal statue (Gauntlet)
  A phantasmal warrior (D:14)
  An obsidian statue (IceCv)
  A bog body (IceCv)
  A deep elf pyromancer (D:14)
  A mana viper (Snake:2)
  8 ugly things
  3 orc knights
  2 orc sorcerers (Orc:2)
  5 cyclopes
  A shining eye (Gauntlet)
  A salamander (Volcano)
  2 manticores
  3 elephants (Lair:4)
  9 black mambas
  A guardian serpent (Snake:2)
  2 naga magi (Snake:1)
  A cane toad (shapeshifter) (D:13)
  6 cane toads
  A gargoyle (D:13)
  A rime drake (Lair:3)
  An unseen horror (D:11)
  7 komodo dragons
  6 freezing wraiths
  7 ice devils (IceCv)
  2 tengu conjurers (D:13)
  4 entropy weaver simulacra (IceCv)
  An anaconda simulacrum (IceCv)
  A queen bee (Gauntlet)
  A polar bear (Lair:3)
  2 trolls
  4 hornets
  12 blink frogs
  4 slime creatures (D:14)
  A meliai zombie (D:11)
  A snapping turtle (Lair:2)
  A raiju (shapeshifter) (D:11)
  12 spriggans (Lair:5)
  A vampire (D:11)
  40 yaks
  2 shadows (D:10)
  5 wraiths (D:14)
  7 wyverns
  A dire elephant simulacrum (IceCv)
  3 spriggan simulacra (IceCv)
  A fire bat (Volcano)
  2 golden eyes (Gauntlet)
  5 humans (D:13)
  6 basilisks
  3 vampire mosquitoes (D:14)
  A steam dragon (D:8)
  9 minotaur simulacra (IceCv)
  3 wargs
  2 harpy simulacra (IceCv)
  3 acid dragons
  14 water moccasins
  12 nagas
  A sky beast (D:6)
  27 orc warriors
  An alligator simulacrum (IceCv)
  A black bear (Lair:5)
  3 ettin simulacra (IceCv)
  An ice beast (D:6)
  A necrophage (D:7)
  11 ogres
  3 boggarts (Lair:5)
  12 wolves
  13 centaurs
  4 kobold brigands
  2 elf zombies (Ossuary)
  11 bullfrogs
  A gnoll sergeant (D:6)
  5 scorpions
  9 deep troll simulacra (IceCv)
  A troll zombie (D:10)
  A wyvern skeleton (D:7)
  12 killer bees
  3 lindwurm simulacra (IceCv)
  7 wights
  10 howler monkeys
  A bullfrog zombie (D:5)
  2 hounds
  2 centaur zombies
  2 jellies
  2 human zombies (Ossuary)
  14 orc priests
  A bullfrog skeleton (D:5)
  A gnoll shaman (D:5)
  Terence (D:3)
  2 iguanas
  25 orc wizards
  5 hell rats (Lair:1)
  A killer bee zombie (D:8)
  7 ogre zombies (D:10)
  2 mummies (Ossuary)
  Robin (D:3)
  8 gnolls
  A howler monkey skeleton (D:5)
  2 adders
  An adder zombie (Ossuary)
  A worm (D:3)
  3 dart slugs
  76 orcs
  3 bats
  4 endoplasms
  3 giant cockroaches
  14 goblins
  2 hobgoblins (D:1)
  9 jackals
  4 quokkas
  5 ball pythons
  7 frilled lizards (D:5)
  2 goblin skeletons (D:10)
  5 goblin zombies
  A hobgoblin skeleton (D:10)
  9 hobgoblin zombies (Ossuary)
  2 jackal zombies (Ossuary)
  14 kobolds
  9 kobold zombies (Ossuary)
  3 orc skeletons (D:10)
  25 orc zombies
  4 rats
  2 butterflies (D:10)
718 creatures vanquished.

Vanquished Creatures (collateral kills)
  A sky beast (D:6)
  A phantom (D:6)
2 creatures vanquished.

Vanquished Creatures (others)
  2 two-headed ogres (Volcano)
  2 humans (D:13)
  An orc (D:8)
  A butterfly (D:10)
  18 fungi
  39 plants
63 creatures vanquished.

Grand Total: 783 creatures vanquished

Notes
Turn   | Place    | Note
-------+----------+-------------------------------------------
     0 | D:1      | Spaninq the Draconian Transmuter began the quest for the
                  | Orb.
     0 | D:1      | Reached XP level 1. HP: 16/16 MP: 3/3
   355 | D:1      | Reached XP level 2. HP: 18/23 MP: 3/5
  1266 | D:2      | Found a faded altar of an unknown god.
  1374 | D:2      | Reached XP level 3. HP: 22/29 MP: 4/6
  2569 | D:2      | Reached XP level 4. HP: 36/36 MP: 5/7
  2650 | D:3      | Learned a level 2 spell: Wereblood
  2712 | D:3      | Found a radiant altar of Vehumet.
  2858 | D:3      | Noticed Terence
  2868 | D:3      | Killed Terence
  3030 | D:3      | Noticed Robin
  3054 | D:3      | Killed Robin
  3770 | D:4      | Found a shadowy altar of Dithmenos.
  3772 | D:4      | Found a basalt altar of Yredelemnul.
  3791 | D:4      | Reached XP level 5. HP: 39/44 MP: 6/8
  4079 | D:4      | Reached skill level 5 in Unarmed Combat
  4333 | D:5      | Entered Level 5 of the Dungeon
  4348 | D:5      | Found an opulent altar of Gozag.
  4361 | D:5      | Found a sand-covered staircase.
  4367 | Ossuary  | Entered an ossuary
  4698 | Ossuary  | Gained mutation: Your magical capacity is low. (-10% MP)
                  | [potion of mutation]
  4698 | Ossuary  | Gained mutation: Your flesh is cold resistant. (rC+)
                  | [potion of mutation]
  4701 | Ossuary  | Reached skill level 5 in Dodging
  4701 | Ossuary  | Reached skill level 5 in Transmutations
  4701 | Ossuary  | Reached XP level 6. HP: 14/57 MP: 7/11
  4707 | Ossuary  | Your scales start taking on a rich purple colour.
  4707 | Ossuary  | Reached skill level 5 in Spellcasting
  4707 | Ossuary  | Reached XP level 7. HP: 40/63 MP: 8/13
  5134 | D:5      | Learned a level 2 spell: Blink
  5431 | D:5      | Reached XP level 8. HP: 69/71 MP: 12/15
  6536 | D:6      | Learned a level 4 spell: Ice Form
  7170 | D:7      | Reached XP level 9. HP: 78/78 MP: 11/16
  7217 | D:7      | Found a staircase to the Ecumenical Temple.
  7270 | Temple   | Entered the Ecumenical Temple
  7459 | Temple   | Became a worshipper of Sif Muna the Loreminder
  8156 | D:8      | Noticed a two-headed ogre
  8177 | D:8      | Killed a two-headed ogre
  8610 | D:8      | Reached XP level 10. HP: 74/86 MP: 18/18
  8823 | D:8      | Noticed a centaur warrior
  8844 | D:8      | Killed a centaur warrior
  8844 | D:8      | Reached * piety under Sif Muna
  8982 | D:9      | Noticed a two-headed ogre
  8991 | D:9      | Killed a two-headed ogre
  9323 | D:9      | Noticed Harold
  9332 | D:9      | Killed Harold
  9333 | D:9      | Reached skill level 10 in Unarmed Combat
  9717 | D:10     | Entered Level 10 of the Dungeon
  9720 | D:10     | Found a staircase to the Orcish Mines.
  9741 | D:10     | Reached XP level 11. HP: 88/95 MP: 16/20
  9755 | D:10     | Reached ** piety under Sif Muna
  9807 | D:10     | Identified the +4 demon blade of the Ageing Hawk {flame,
                  | Will- Dex+6}
 10196 | D:10     | Reached *** piety under Sif Muna
 10249 | D:10     | Found a white marble altar of Elyvilon.
 10380 | D:10     | Found a staircase to the Lair.
 10396 | D:10     | Reached skill level 1 in Shields
 10458 | D:10     | Found a shimmering altar of Xom.
 10932 | Lair:1   | Entered Level 1 of the Lair of Beasts
 11079 | Lair:1   | Found a bloodstained altar of Trog.
 11094 | Lair:1   | Noticed an eight-headed hydra
 11103 | Lair:1   | Killed an eight-headed hydra
 11477 | Lair:1   | Found a transporter.
 11478 | Lair:1   | Noticed ew1980's ghost (journeyman DsBe)
 11515 | Lair:1   | Found a transporter.
 12201 | Lair:2   | Noticed a catoblepas
 12240 | Lair:2   | Identified the +0 ring mail of Ewurik {rN+ Str+2}
 12267 | Lair:2   | Reached skill level 10 in Transmutations
 12281 | Lair:2   | Reached **** piety under Sif Muna
 12340 | Lair:2   | Found a staircase to the Snake Pit.
 12446 | Lair:2   | Found a staircase to the Shoals.
 12460 | Lair:2   | Reached XP level 12. HP: 104/104 MP: 18/22
 12520 | Lair:2   | Noticed Sonja
 12542 | Lair:2   | Killed Sonja
 12558 | Lair:2   | Killed a catoblepas
 12962 | Lair:3   | Noticed an eight-headed hydra
 12966 | Lair:3   | Killed an eight-headed hydra
 13228 | Lair:3   | Reached skill level 10 in Fighting
 13486 | Lair:3   | Noticed Fannar
 13487 | Lair:3   | Noticed an eight-headed hydra
 13507 | Lair:3   | Killed Fannar
 13510 | Lair:3   | Killed an eight-headed hydra
 13665 | Lair:3   | Identified the +0 robe "Meateuh" {rC++ Dex-4}
 13776 | Lair:4   | Reached ***** piety under Sif Muna
 13892 | Lair:4   | Reached XP level 13. HP: 110/113 MP: 22/24
 14227 | Lair:4   | Got the Almanac of Beguiling
 14423 | Lair:4   | Received a gift from Sif Muna
 14440 | Lair:4   | Learned a level 5 spell: Blade Hands
 14773 | Lair:5   | Found a viscous altar of Jiyva.
 14773 | Lair:5   | Found a staircase to the Slime Pits.
 14780 | Lair:5   | Found a dark tunnel.
 14801 | Volcano  | Entered a volcano
 14986 | Volcano  | Reached skill level 10 in Spellcasting
 15091 | Volcano  | Learned a level 3 spell: Confusing Touch
 16134 | Orc:1    | Entered Level 1 of the Orcish Mines
 16451 | Orc:2    | Entered Level 2 of the Orcish Mines
 16690 | Orc:2    | Received a gift from Sif Muna
 16693 | Orc:2    | Got Sif Muna's Disquisition on Shifting Flames {god gift}
 16945 | Orc:2    | Noticed Nergalle
 16966 | Orc:2    | Killed Nergalle
 17000 | Orc:2    | Noticed Urug
 17020 | Orc:2    | Killed Urug
 17028 | Orc:2    | HP: 1/116 [ogre[an orc warlord] (21)]
 17291 | Orc:2    | Found Feipn's Book Boutique.
 17301 | Orc:2    | Noticed an orc warlord
 17340 | Orc:1    | Killed an orc warlord
 17364 | Orc:2    | Found Beaseidgh's General Store.
 17378 | Orc:2    | Found Imomof's Antique Armour Boutique.
 17398 | Orc:2    | Found Wuul's Antique Weapon Boutique.
 17475 | Orc:2    | Found a staircase to the Elven Halls.
 17795 | Orc:1    | Received a gift from Sif Muna
 17800 | Orc:1    | Got Sif Muna's Disquisition on Transmigration {god gift}
 17806 | Orc:1    | Learned a level 4 spell: Petrify
 17858 | Orc:1    | Found Yron's Self-Improvement Boutique.
 18149 | Orc:1    | Noticed Erica
 18152 | Orc:1    | Killed Erica
 18213 | Orc:1    | Reached skill level 1 in Earth Magic
 18213 | Orc:1    | Reached XP level 14. HP: 124/124 MP: 20/25
 18389 | Orc:1    | Bought a manual of Fighting for 1120 gold pieces
 18735 | D:11     | Paralysed by a hornet for 2 turns
 19638 | D:12     | Found a gate leading to a gauntlet.
 19647 | Gauntlet | Entered a Gauntlet
 19647 | Gauntlet | Found a transporter.
 19665 | Gauntlet | Found a transporter.
 19667 | Gauntlet | Found a transporter.
 19682 | Gauntlet | Found a transporter.
 19685 | Gauntlet | Found a transporter.
 19699 | Gauntlet | Found a transporter.
 19714 | Gauntlet | Found a transporter.
 19725 | Gauntlet | Found a transporter.
 19732 | Gauntlet | Found a transporter.
 19753 | Gauntlet | Found a transporter.
 19760 | Gauntlet | Found the +0 pair of fencer's gloves {Riposte Dex+3}
 19762 | Gauntlet | Found a transporter.
 19768 | Gauntlet | Found a transporter.
 19797 | Gauntlet | Gained mutation: Your magical capacity is very low. (-20%
                  | MP) [a shining eye]
 19816 | Gauntlet | Identified the ring of Due Proportion {Int+4 SInv}
 19911 | Gauntlet | Found a transporter.
 19984 | Gauntlet | Identified the +0 hat "Cyileusuno" {Harm rF- Str+9}
 20103 | Gauntlet | Identified the +3 dire flail of Qate {freeze, rN+}
 21382 | D:13     | Received a gift from Sif Muna
 21383 | D:13     | Got Sif Muna's Almanac of the Enthralling Mountains {god
                  | gift}
 21433 | D:13     | Learned a level 6 spell: Statue Form
 21572 | D:13     | Reached skill level 10 in Dodging
 21851 | D:13     | Reached skill level 5 in Earth Magic
 21881 | D:13     | Found a gate to the Vaults.
 22075 | D:14     | Noticed Rupert
 22091 | D:13     | Killed Rupert
 22128 | D:14     | Noticed Josephine
 22211 | D:14     | Killed Josephine
 22535 | D:14     | Identified the +1 pair of gloves "Qeyved" {rPois rF- Int+4}
 22597 | D:14     | Reached skill level 1 in Air Magic
 22597 | D:14     | Reached XP level 15. HP: 118/134 MP: 24/24
 22987 | D:14     | Noticed Snorg
 22992 | D:14     | Noticed Jorgrun
 22999 | D:14     | Killed Snorg
 23005 | D:14     | Killed Jorgrun
 23500 | Orc:1    | Bought a manual of Spellcasting for 1120 gold pieces
 23612 | Snake:1  | Entered Level 1 of the Snake Pit
 23684 | Snake:1  | Found a frozen archway.
 23695 | IceCv    | Entered an ice cave
 24037 | IceCv    | Reached ****** piety under Sif Muna
 24044 | IceCv    | Received a gift from Sif Muna
 24045 | IceCv    | Got Sif Muna's Almanac of the Aged Runes {god gift}
 24312 | IceCv    | Noticed an Ice Fiend
 24325 | IceCv    | Killed an Ice Fiend
 24359 | IceCv    | Got Siduac Birch's Papyrus of Snow
 25086 | Snake:1  | Upgraded the game from 0.28-a0-390-gb254ac4902 to
                  | 0.28-a0-401-ge240ad9e29
 25267 | Snake:1  | Learned a level 5 spell: Yara's Violent Unravelling
 25454 | Snake:1  | Noticed Frances
 25465 | Snake:1  | Killed Frances
 25466 | Snake:1  | Reached skill level 5 in Air Magic
 26226 | Snake:2  | Mangled by a salamander

Illustrated notes

Levels and vault maps discovered:
D:1:      lightli_arrival_statue_moat, layout_loops_corners, patterned_corridor
D:2:      layout_basic, dreamdust_ecumenical_altar_statues
D:3:      layout_basic, fiery_altar_vehumet, serial_bayou_pond_a, minivault_27,
          minmay_misc_feat_square, grunt_ministairs_8, hex_tiny, uniq_robin,
          uniq_terence
D:4:      layout_rooms, nicolae_overflow_hidden_temple
D:5:      layout_loops_cross, grunt_gozag_statues, nicolae_ossuary_entry_plus,
          minmay_lizard_king
D:6:      layout_loops_cross, small_statue_intersection
D:7:      layout_basic, minmay_temple_entry_trees
D:8:      minmay_chambers_of_fours, layout_cave_pools
D:9:      layout_roguey, minmay_misc_feat_room, uniq_harold
D:10:     layout_long_grid, nicolae_elyvilon_peaceful_grove, xom_butterflies,
          minmay_lair_entry_grove, zombieorc2_lemuel
D:11:     layout_loops_corners, hex_medium
D:12:     layout_loops_ring, gauntlet_entry_generic, roderic_roman_lattice
D:13:     layout_roguey, ximxim_vaults_locker_room
D:14:     layout_irregular_city, hangedman_decor_push, kennysheep_kite_vault,
          uniq_rupert, uniq_jorgrun, uniq_snorg, uniq_josephine
Temple:   regret_index_temple_sphere_string
Lair:1:   layout_regular_city, gammafunk_ghost_arena, lemuel_centaur_altar
Lair:2:   layout_loops_ring, minmay_shoals_entry_hut,
          minmay_snake_entry_guardpost_medium, uniq_sonja
Lair:3:   layout_chaotic_city, serial_bayou_shore_b, grunt_megastairs_4,
          uniq_fannar
Lair:4:   layout_cave_pods
Lair:5:   kb_forest_paths, layout_hall_layers, slime_altar_1,
          nicolae_volcano_entry_lava_flow, ebering_ghost_xom
Snake:1:  layout_layer_cave, portal_ice_cave_entry_pillars_four, uniq_frances
Snake:2:  layout_grid_shapes, minmay_snake_pond, uniq_vashnia
Orc:1:    layout_caves, nicolae_shop_self_help, uniq_erica
Orc:2:    grunt_orc_cross, layout_diamond_mine, basic_altar

Skill      XL: |  1  2  3  4  5  6  7  8  9 10 11 12 13 14 15 |
---------------+----------------------------------------------+-----
Dodging        | 2 5 6 7 8 9 10 | 10.9
Fighting       | 2 6 7 8 9 10 11 12 13 | 13.7
Unarmed Combat | 4 8 9 10 11 12 13 | 13.1
Spellcasting   | 4 5 6 7 8 9 10 11 12 | 12.6
Transmutations | 5 6 7 8 10 11 12 13 | 13.8
Shields        | 4 |  4.9
Earth Magic    | 1 6 |  6.0
Air Magic      | 1 5 |  5.4

Action                   |  1- 3 |  4- 6 |  7- 9 | 10-12 | 13-15 || total
-------------------------+-------+-------+-------+-------+-------++-------
Melee: Unarmed           |    92 |   159 |   278 |   500 |   945 ||  1974
       Kick              |    19 |    29 |    32 |       |       ||    80
       Headbutt          |     9 |    31 |    18 |       |       ||    58
       Tailslap          |    11 |    15 |    18 |       |    84 ||   128
       Punch             |     1 |     2 |     4 |     1 |     9 ||    17
 Cast: Beastly Appendage |    23 |    30 |    16 |       |       ||    69
       Wereblood         |       |     4 |    13 |    19 |    20 ||    56
       Ice Form          |       |       |    21 |    48 |    19 ||    88
       Blade Hands       |       |       |       |       |    61 ||    61
       Confusing Touch   |       |       |       |       |     2 ||     2
       Statue Form       |       |       |       |       |    51 ||    51
       Petrify           |       |       |       |       |    12 ||    12
       Yara's Violent Un |       |       |       |       |     1 ||     1
 Abil: Breathe Dispellin |       |       |     1 |       |     1 ||     2
       End Transformatio |       |       |       |       |     1 ||     1
Evoke: Wand              |       |       |       |       |     4 ||     4
  Use: Potion            |       |     5 |       |       |    13 ||    18
       Scroll            |       |     1 |    15 |     5 |     8 ||    29
 Stab: Sleeping          |       |     1 |       |       |     1 ||     2
       Petrifying        |       |       |       |     1 |     3 ||     4
       Petrified         |       |       |       |       |     6 ||     6
Armor: Skin              |    27 |    52 |    79 |   131 |   433 ||   722
Dodge: Dodged            |    51 |   118 |   131 |   279 |   653 ||  1232
Block: Buckler           |       |       |       |       |   182 ||   182
       Rpst.: Unarmed    |       |       |       |       |     2 ||     2

Table legend: (Time is in decaauts)
 A = Elapsed time spent in this place.
 B = Non-inter-level travel time spent in this place.
 C = Inter-level travel time spent in this place.
 D = Time resting spent in this place.
 E = Time spent auto-exploring this place.
 F = Levels seen in this place.
 G = Mean time per level.
                   A        B        C        D        E       F      G
               +--------+--------+--------+--------+--------+-----+--------+
         Total |  27042 |  25541 |   1501 |   2478 |  14570 |  28 |  965.8 |
       Dungeon |  15012 |  14077 |    935 |   1207 |   9412 |  14 | 1072.3 |
        Temple |    214 |    153 |     61 |      0 |    138 |   1 |  214.0 |
          Lair |   4729 |   4517 |    212 |    562 |   2651 |   5 |  945.8 |
     Snake Pit |   1931 |   1906 |     25 |     30 |    787 |   2 |  965.5 |
  Orcish Mines |   2250 |   1983 |    267 |    319 |    845 |   2 | 1125.0 |
       Ossuary |    617 |    617 |      0 |     52 |    188 |   1 |  617.0 |
      Ice Cave |   1401 |   1401 |      0 |    112 |    349 |   1 | 1401.0 |
       Volcano |    377 |    377 |      0 |    139 |      0 |   1 |  377.0 |
      Gauntlet |    507 |    507 |      0 |     57 |    199 |   1 |  507.0 |
               +--------+--------+--------+--------+--------+-----+--------+

Top non-repeatable levels by time:
 Snake:1: 1723 daAuts
    D:14: 1437 daAuts
     D:1: 1420 daAuts
   IceCv: 1401 daAuts
    D:10: 1348 daAuts
   Orc:2: 1293 daAuts
     D:5: 1244 daAuts
     D:2: 1223 daAuts
    D:11: 1149 daAuts
  Lair:4: 1123 daAuts
    D:13: 1076 daAuts
    D:12: 1064 daAuts
     D:3: 1032 daAuts
  Lair:2: 1017 daAuts
  Lair:1: 966 daAuts
